 Dungeon Crawl Stone Soup version 0.30-a0-52-g86a8295270 (webtiles) character file.

Game seed: 8677108978230339949

1501 QueenGhuleh the Poker (level 8, 0/70 HPs)
             Began as a Minotaur Berserker on Sept 6, 2022.
             Was a Priest of Trog.
             Succumbed to a killer bee's poison
             ... on level 8 of the Dungeon.
             The game lasted 00:08:01 (5119 turns).

QueenGhuleh the Poker (Minotaur Berserker)          Turns: 5119, Time: 00:08:01

Health: 0/70       AC: 13    Str: 23    XL:     8   Next: 52%
Magic:  7/7        EV:  7    Int:  4    God:    Trog [***...]
Gold:   383        SH:  0    Dex: 11    Spells: 7/7 levels left

rFire   . . .      SeeInvis .    v - +0 halberd
rCold   . . .      Faith    .    (shield currently unavailable)
rNeg    . . .      Spirit   .    h - +0 plate armour
rPois   .          Reflect  .    (helmet restricted)
rElec   .          Harm     .    (no cloak)
rCorr   .          Rampage  .    (no gloves)
Will    .....                    (no boots)
Stlth   ..........               (no amulet)
HPRegen 0.21/turn                (no ring)
MPRegen 0.10/turn                (no ring)

@: lethally poisoned (0 -> -12), on berserk cooldown, slowed, very slow
A: horns 2, retaliatory headbutt
a: Renounce Religion, Berserk, Trog's Hand


You were on level 8 of the Dungeon.
You worshipped Trog.
Trog was most pleased with you.
You visited 1 branch of the dungeon, and saw 6 of its levels.

You collected 383 gold pieces.

Inventory:

Hand Weapons
 q - a +0 scythe
 v - a +0 halberd (weapon)
Missiles
 r - a throwing net (quivered)
Armour
 h - a +0 plate armour (worn)
Jewellery
 f - a ring of positive energy
Scrolls
 a - a scroll of teleportation {unknown}
 e - 3 scrolls of torment {unknown}
 g - 7 scrolls of identify {unknown}
 j - a scroll of fog {unknown}
 k - a scroll of poison {unknown}
 l - 2 scrolls of noise {unknown}
 n - a scroll of magic mapping {unknown}
 o - a scroll of silence {unknown}
 p - a scroll of acquirement {unknown}
 u - 3 scrolls of enchant armour {unknown}
 w - 2 scrolls of enchant weapon {unknown}
 x - a scroll of vulnerability {unknown}
Potions
 b - 2 potions of heal wounds {unknown}
 c - 2 potions of attraction {unknown}
 d - 6 potions of curing {unknown}
 i - 3 potions of brilliance {unknown}
 m - 3 potions of might {unknown}
 s - a potion of lignification {unknown}
 t - a potion of berserk rage {unknown}
 z - a potion of mutation {unknown}


   Skills:
 + Level 5.9 Fighting
 + Level 6.9(8.5) Axes
 + Level 7.6(8.9) Polearms
 + Level 6.7 Armour
 + Level 2.7 Dodging
 + Level 0.3 Stealth


You had 7 spell levels left.
You didn't know any spells.
Your spell library was empty.

Dungeon Overview and Level Annotations

Branches:
Dungeon (8/15)             Temple (0/1) D:4
   Lair: D:8-11

Altars:


Innate Abilities, Weirdness & Mutations

You have a pair of horns on your head.
You reflexively headbutt those who attack you in melee.


Message History

The killer bee stings you. The bullfrog barely misses you.
You furiously retaliate!
You headbutt the bullfrog!
The killer bee stings you but does no damage.
The centaur shoots an arrow.
The arrow hits you.
* * * LOW HITPOINT WARNING * * *
You hear an angry buzzing noise.
The killer bee attacks as you move away!
The killer bee barely misses you.
You feel a strong urge to attack something.
You feel very sick. The bullfrog closely misses you. You furiously retaliate!
You headbutt the bullfrog!
The centaur shoots an arrow.
The arrow barely misses you.
The arrow hits the killer bee!
The killer bee dies!
You feel very sick.
You barely miss the centaur. You headbutt the centaur!
The centaur is severely wounded.
You are no longer berserk.
You are exhausted.
You feel yourself slow down.
* * * LOW HITPOINT WARNING * * *
You feel very sick.
The centaur unwields a +0 shortbow.
The centaur hits you but does no damage.
The centaur barely misses you.
The bullfrog hits you but does no damage.
You hit the centaur but do no damage.
The centaur is severely wounded.
* * * LOW HITPOINT WARNING * * *
You feel very sick.
The centaur hits you but does no damage.
The centaur kicks you.
* * * LOW HITPOINT WARNING * * *
The bullfrog closely misses you. The centaur hits you.
* * * LOW HITPOINT WARNING * * *
The centaur kicks you but does no damage.
The bullfrog completely misses you.
You barely miss the centaur. Your headbutt misses the centaur.
The centaur is severely wounded.
You die...

########
#.##......# #
#...c@F†..#.#
#.##.####.#.##
... #(...#
#.### #.####
.. #.#.## ##
#....#
#.#####.##
#.....^.#
#.######..#


You could see a bullfrog and a centaur.

Vanquished Creatures
  Sigmund (D:4)
  A steam dragon (D:7)
  An orc warrior (D:7)
  A black bear (D:4)
  An ice beast (D:7)
  A necrophage (D:4)
  5 wights (D:7)
  2 killer bees (D:8)
  2 hounds (D:7)
  An orc priest (D:7)
  A jelly (D:7)
  Ijyb (D:3)
  2 gnoll boudas (D:7)
  3 orc wizards (D:7)
  10 gnolls (D:7)
  5 adders
  A white imp (D:7)
  An ufetubus (D:7)
  A worm (D:3)
  3 dart slugs
  12 orcs
  3 endoplasms
  4 giant cockroaches
  4 hobgoblins
  3 quokkas
  6 ball pythons
  9 bats
  4 frilled lizards (D:1)
  4 goblins
  5 kobolds
  5 rats
103 creatures vanquished.

Vanquished Creatures (others)
  A killer bee (D:8)
  An orc (D:7)
2 creatures vanquished.

Grand Total: 105 creatures vanquished

Notes
Turn   | Place    | Note
-------+----------+-------------------------------------------
     0 | D:1      | QueenGhuleh the Minotaur Berserker began the quest for the
                  | Orb.
     0 | D:1      | Reached XP level 1. HP: 19/19 MP: 0/0
   285 | D:1      | Reached XP level 2. HP: 27/27 MP: 1/1
   638 | D:1      | Reached ** piety under Trog
   806 | D:1      | Reached XP level 3. HP: 33/33 MP: 2/2
  1112 | D:2      | Found a faded altar of an unknown god.
  1605 | D:3      | Noticed Ijyb
  1626 | D:3      | Killed Ijyb
  1627 | D:3      | Reached skill level 5 in Axes
  1627 | D:3      | Reached XP level 4. HP: 32/41 MP: 3/3
  2509 | D:4      | Noticed Sigmund
  2515 | D:4      | Killed Sigmund
  2516 | D:4      | Reached skill level 5 in Fighting
  2516 | D:4      | Reached XP level 5. HP: 48/48 MP: 4/4
  2516 | D:4      | Reached XP level 6. HP: 56/56 MP: 5/5
  2792 | D:4      | Reached skill level 1 in Polearms
  2802 | D:4      | Found a staircase to the Ecumenical Temple.
  3201 | D:4      | You fall into a shaft and drop 3 floors!
  3224 | D:7      | Reached skill level 2 in Polearms
  3224 | D:7      | Reached XP level 7. HP: 61/61 MP: 6/6
  3343 | D:7      | Reached skill level 3 in Polearms
  3343 | D:7      | Reached skill level 5 in Armour
  3352 | D:7      | Reached skill level 4 in Polearms
  3887 | D:7      | Reached skill level 5 in Polearms
  3890 | D:7      | Reached XP level 8. HP: 70/70 MP: 7/7
  3896 | D:7      | Reached *** piety under Trog
  3897 | D:7      | Reached skill level 6 in Polearms
  4637 | D:7      | Reached skill level 7 in Polearms
  5119 | D:8      | Succumbed to a killer bee's poison

Illustrated notes

Levels and vault maps discovered:
D:1:      dpeg_arrival_concentric_ovals, layout_basic
D:2:      layout_basic, hellmonk_ecumenical_altar_arch_garden
D:3:      layout_basic, uniq_ijyb
D:4:      wander_river, layout_basic, minmay_temple_entry_junction_2,
          uniq_sigmund
D:7:      layout_basic, bh_walls_and_bars
D:8:      layout_basic, amcnicky_altar_gilded

Skill      XL: |  1  2  3  4  5  6  7  8 |
---------------+-------------------------+-----
Fighting       | 4 5 |  5.9
Axes           | 4 5 6 |  6.9
Armour         | 4 5 6 |  6.7
Polearms       | 2 5 7 |  7.6
Dodging        | |  2.7
Stealth        | |  0.3

Action                   |  1- 3 |  4- 6 |  7- 9 || total
-------------------------+-------+-------+-------++-------
Melee: Hand axe          |    94 |    30 |       ||   124
       Headbutt          |     9 |    10 |    18 ||    37
       Halberd           |       |    43 |   103 ||   146
Invok: Berserk           |       |     3 |     5 ||     8
 Stab: Sleeping          |     1 |       |       ||     1
Armor: Animal skin       |     3 |       |       ||     3
       Plate armour      |    52 |    55 |    69 ||   176
Dodge: Dodged            |    36 |    35 |    38 ||   109

Table legend: (Time is in decaauts)
 A = Elapsed time spent in this place.
 B = Non-inter-level travel time spent in this place.
 C = Inter-level travel time spent in this place.
 D = Time resting spent in this place.
 E = Time spent auto-exploring this place.
 F = Levels seen in this place.
 G = Mean time per level.
                   A        B        C        D        E       F      G
               +--------+--------+--------+--------+--------+-----+--------+
         Total |   5236 |   5145 |     91 |      0 |   4507 |   6 |  872.7 |
       Dungeon |   5236 |   5145 |     91 |      0 |   4507 |   6 |  872.7 |
               +--------+--------+--------+--------+--------+-----+--------+

Top non-repeatable levels by time:
     D:7: 1936 daAuts
     D:4: 1040 daAuts
     D:1: 931 daAuts
     D:3: 673 daAuts
     D:2: 619 daAuts
     D:8: 35 daAuts
